 Dungeon Crawl Stone Soup version 0.21-a0-630-g344d351 (webtiles) character file.

75 Lremus the Chopper (level 4, -9/39 HPs)
             Began as a Minotaur Fighter on Dec 27, 2017.
             Was an Initiate of Zin.
             Mangled by an orc wizard
             ... wielding a +1 dagger of electrocution
              (16 damage)
             ... on level 3 of the Dungeon.
             The game lasted 00:07:14 (1728 turns).

Lremus the Chopper (Minotaur Fighter)               Turns: 1728, Time: 00:07:15

Health: -9/39      AC:  6    Str: 21    XL:     4   Next: 11%
Magic:  3/3        EV:  7    Int:  5    God:    Zin [......]
Gold:   95         SH:  9    Dex: 10    Spells: 3/3 levels left

rFire    . . .     SeeInvis .   a - +0 war axe
rCold    . . .     Gourm    .   c - +0 shield
rNeg     . . .     Faith    .   b - +0 scale mail
rPois    .         Spirit   .   (helmet restricted)
rElec    .         Reflect  .   (no cloak)
rCorr    .         Harm     .   (no gloves)
MR       .....                  (no boots)
Stlth    ..........             (no amulet)
HPRegen  0.13/turn              (no ring)
MPRegen  0.08/turn              (no ring)

@: no status effects
A: retaliatory headbutt, horns 2
a: Donate Gold, Renounce Religion


You were on level 3 of the Dungeon.
You worshipped Zin.
Zin was noncommittal.
You were not hungry.

You visited 1 branch of the dungeon, and saw 3 of its levels.

You collected 105 gold pieces.
You donated 10 gold pieces to Zin.

Inventory:

Hand Weapons
 a - a +0 war axe (weapon)
Armour
 b - a +0 scale mail (worn)
 c - a +0 shield (worn)
Jewellery
 p - an uncursed amulet of regeneration {unknown}
Scrolls
 j - 5 scrolls of amnesia
 l - a scroll of enchant armour {unknown}
 m - a scroll of remove curse {unknown}
 n - a scroll of identify {unknown}
 o - a scroll of enchant weapon {unknown}
 q - a scroll of magic mapping {unknown}
Potions
 d - a potion of might
 e - a potion of degeneration {unknown}
 h - 2 potions of invisibility {unknown}
 i - 2 potions of curing {unknown}
 k - a potion of ambrosia {unknown}
Comestibles
 f - 3 rations


   Skills:
 - Level 3.6 Fighting
 + Level 5.4 Axes
 - Level 3.6 Armour
 - Level 3.6 Shields


You had 3 spell levels left.
You didn't know any spells.

Dungeon Overview and Level Annotations

Branches:
Dungeon (3/15)

Altars:
Cheibriados
Zin


Innate Abilities, Weirdness & Mutations

You reflexively headbutt those who attack you in melee.
You have a pair of horns on your head.


Message History

The orc wizard is heavily wounded.
The orc wizard gestures at you while chanting.
The magic dart hits you!
* * * LOW HITPOINT WARNING * * *
You block the orc wizard's attack.
You closely miss the orc wizard.
The orc wizard is heavily wounded.
The orc wizard hits you but does no damage.
You block the orc wizard's attack.
You hit the orc wizard.
The orc wizard is severely wounded.
The orc wizard hits you with a dagger of electrocution.
* * * LOW HITPOINT WARNING * * *
The orc wizard looks encouraged for a moment.
You closely miss the orc wizard.
The orc wizard is severely wounded.
The orc wizard hits you with a dagger of electrocution.
* * * LOW HITPOINT WARNING * * *
You are electrocuted!
You die...

### #........### ..#
#####...## #.# ##.## #.#
##'## #.# ##...## #.#
##...<.## #.##
#.......## .
...####.........####....
......+.........@oo.....
.#.#.#..........####.)..
.......#.......## .
.#.#.####.....## ......#
##...## .#.#.## ##+#
).....# .#.#.## ..).<.#


You could see an orc wizard and an orc.

Vanquished Creatures
  3 adders
  An ooze (D:2)
  2 dart slugs (D:2)
  A leopard gecko (D:2)
  4 orcs (D:3)
  6 bats
  2 giant cockroaches (D:1)
  4 hobgoblins
  A ball python (D:2)
  2 frilled lizards (D:3)
  2 goblins
  4 kobolds
  6 rats
38 creatures vanquished.

Notes
Turn   | Place    | Note
-------+----------+-------------------------------------------
     0 | D:1      | Lremus the Minotaur Fighter began the quest for the Orb.
     0 | D:1      | Reached XP level 1. HP: 19/19 MP: 0/0
   221 | D:1      | Reached skill level 3 in Axes
   441 | D:1      | Reached XP level 2. HP: 26/26 MP: 1/1
   826 | D:2      | Reached skill level 4 in Axes
   947 | D:2      | Reached XP level 3. HP: 31/31 MP: 2/2
   955 | D:2      | Found a snail-covered altar of Cheibriados.
  1116 | D:2      | Found a glowing silver altar of Zin.
  1138 | D:2      | Became a worshipper of Zin the Law-Giver
  1138 | D:2      | Reached * piety under Zin
  1258 | D:2      | Reached skill level 5 in Axes
  1525 | D:3      | Reached XP level 4. HP: 31/39 MP: 3/3
  1728 | D:3      | Mangled by an orc wizard

Vault maps used:
D:1:      lightli_arrival_boilingwater
D:2:      cheibriados_altar_1, lemuel_crystal_altar
D:3:      minitemple, columned_hall_lemuel, st_stairs_10, corner_web_ring

Skill      XL: |  1  2  3 |
---------------+----------+-----
Axes           | 3 4 5 |  5.4
Fighting       | |  3.6
Armour         | |  3.6
Shields        | |  3.6

Action                   |  1- 3 |  4- 6 || total
-------------------------+-------+-------++-------
Melee: War axe           |    86 |    24 ||   110
       Headbutt          |    13 |     2 ||    15
  Use: Scroll            |     1 |       ||     1
  Eat: Chunk             |     2 |     1 ||     3
Armor: Scale mail        |    31 |    12 ||    43
Dodge: Dodged            |    20 |     3 ||    23
Block: Shield            |    46 |     5 ||    51

Table legend:
 A = Spawn XP
 B = Non-spawn XP
 C = Spawn XP percentage of total XP
 D = Spawn monster count
 E = Non-spawn monster count
 F = Spawn count percentage of total count
 G = Total turns spent on level
                    A         B        C        D         E        F      G
               +---------+---------+-------+---------+---------+-------+---------
         Total |       0 |     108 |   0.0 |       0 |      38 |   0.0 |  1728
               +---------+---------+-------+---------+---------+-------+---------
           D:1 |       0 |      15 |   0.0 |       0 |      11 |   0.0 |   733
           D:2 |       0 |      64 |   0.0 |       0 |      19 |   0.0 |   676
           D:3 |       0 |      29 |   0.0 |       0 |       8 |   0.0 |   319
               +---------+---------+-------+---------+---------+-------+---------
